PAAA
SALT LAKE CITY BUZZ @ OCEANSIDE OCEANLINERS
08/09/2018
 
TOP OF THE 1ST
Salt Lake City Buzz batting - Pitching for Oceanside Oceanliners : RHP Jim Unknown
Pitching: RHP Jim Unknown
Batting: LHB Chris Stoltzfus 0-0: Ground out 4-3 (Groundball, 4)
Batting: RHB Steffen Taylor 0-0: Fly out, F9 (Flyball, 9M)
Batting: LHB Fernando González 0-0: Ball
1-0: Ball
2-0: Called Strike
2-1: Called Strike
2-2: Ball
3-2: Foul Ball, location: 2F
3-2: SINGLE (Line Drive, 78S)
Batting: LHB George Huffman 0-0: Ball
1-0: Ball
2-0: Ball
3-0: Base on Balls
Fernando González to second
Batting: RHB Jack Alexander 0-0: Called Strike
0-1: Foul Ball, location: 2F
0-2: Strikes out swinging
Top of the 1st over - 0 run(s), 1 hit(s), 0 error(s), 2 left on base; Salt Lake City 0 - Oceanside 0
BOTTOM OF THE 1ST
Oceanside Oceanliners batting - Pitching for Salt Lake City Buzz : LHP Júlio Hernández
Pitching: LHP Júlio Hernández
Batting: RHB Jim Unknown 0-0: Swinging Strike
0-1: SINGLE (Line Drive, 89M)
Batting: RHB Wayne Cameron 0-0: Ball
1-0: Fly out, F8 (Flyball, 8RD)
Batting: RHB Alex Ross 0-0: Called Strike
0-1: Foul Ball, location: 2F
0-2: Strikes out swinging
Batting: RHB Jim Unknown 0-0: Foul Ball, location: 2F
0-1: Ball
1-1: 2-RUN HOME RUN (Flyball, 8RXD), Distance : 445 ft
Batting: RHB Greg Hart 0-0: SINGLE (Groundball, 56D)
Batting: LHB Jim Unknown 0-0: Called Strike
0-1: Swinging Strike
0-2: Foul Ball, location: 2F
0-2: Foul Ball, location: 2F
0-2: Foul Ball, location: 2F
0-2: Ball
1-2: Foul Ball, location: 2F
1-2: Ball
2-2: Fly out, F3 (Popup, 3SF)
Bottom of the 1st over - 2 run(s), 3 hit(s), 0 error(s), 1 left on base; Salt Lake City 0 - Oceanside 2
TOP OF THE 2ND
Salt Lake City Buzz batting - Pitching for Oceanside Oceanliners : RHP Jim Unknown
Batting: RHB Roger Osborne 0-0: Ball
1-0: Ball
2-0: Called Strike
2-1: SINGLE (Line Drive, 9LS)
Batting: RHB Jason Delaney 0-0: Called Strike
0-1: Swinging Strike
0-2: Foul Ball, location: 2F
0-2: Foul Ball, location: 2F
0-2: Grounds out, U3 (Groundball, 3L)
Batting: RHB John Ramsey 0-0: Ball
1-0: Ball
2-0: Foul Ball, location: 2F
2-1: Ground out 4-3 (Groundball, 4M)
Roger Osborne to third
Batting: SHB Carlton Reed 0-0: Called Strike
0-1: Ball
1-1: Called Strike
1-2: Strikes out swinging
Top of the 2nd over - 0 run(s), 1 hit(s), 0 error(s), 1 left on base; Salt Lake City 0 - Oceanside 2
BOTTOM OF THE 2ND
Oceanside Oceanliners batting - Pitching for Salt Lake City Buzz : LHP Júlio Hernández
Batting: LHB Jim Unknown 0-0: Called Strike
0-1: Ball
1-1: Ball
2-1: Foul Ball, location: 2F
2-2: Foul Ball, location: 2F
2-2: Ball
3-2: Strikes out looking
Batting: RHB Jim Unknown 0-0: Foul Ball, location: 2F
0-1: Fly out, F8 (Flyball, 8LM)
Batting: RHB Jim Unknown 0-0: Called Strike
0-1: DOUBLE (Groundball, 5D)
Batting: RHB Jim Unknown 0-0: Ball
1-0: Ball
2-0: Called Strike
2-1: Ball
3-1: Fly out, F8 (Popup, 6MD)
Bottom of the 2nd over - 0 run(s), 1 hit(s), 0 error(s), 1 left on base; Salt Lake City 0 - Oceanside 2
TOP OF THE 3RD
Salt Lake City Buzz batting - Pitching for Oceanside Oceanliners : RHP Jim Unknown
Batting: LHB Chris Stoltzfus 0-0: Ball
1-0: Ball
2-0: Foul Ball, location: 2F
2-1: Swinging Strike
2-2: Strikes out swinging
Batting: RHB Steffen Taylor 0-0: Foul Ball, location: 2F
0-1: Ground out 4-3 (Groundball, 4S)
Batting: LHB Fernando González 0-0: Ball
1-0: Ball
2-0: Ball
3-0: Called Strike
3-1: Base on Balls
Batting: LHB George Huffman 0-0: Called Strike
0-1: Called Strike
0-2: Ball
1-2: Ball
2-2: Foul Ball, location: 2F
2-2: Strikes out looking
Top of the 3rd over - 0 run(s), 0 hit(s), 0 error(s), 1 left on base; Salt Lake City 0 - Oceanside 2
BOTTOM OF THE 3RD
Oceanside Oceanliners batting - Pitching for Salt Lake City Buzz : LHP Júlio Hernández
Batting: RHB Wayne Cameron 0-0: Called Strike
0-1: SINGLE (Groundball, 5D)
Batting: RHB Alex Ross 0-0: Foul Ball, location: 2F
0-1: Foul Ball, location: 2F
0-2: Foul Ball, location: 2F
0-2: Ball
1-2: Ball
2-2: Fly out, F7 (Flyball, 7D)
Batting: RHB Jim Unknown 0-0: Ball
1-0: Foul Ball, location: 2F
1-1: Foul Ball, location: 2F
1-2: Foul Ball, location: 2F
1-2: Ball
2-2: Foul Ball, location: 2F
2-2: Strikes out swinging
Batting: RHB Greg Hart 0-0: Ball
1-0: Foul Ball, location: 2F
1-1: Fly out, F7 (Popup, 7S)
Bottom of the 3rd over - 0 run(s), 1 hit(s), 0 error(s), 1 left on base; Salt Lake City 0 - Oceanside 2
TOP OF THE 4TH
Salt Lake City Buzz batting - Pitching for Oceanside Oceanliners : RHP Jim Unknown
Batting: RHB Jack Alexander 0-0: Called Strike
0-1: Ball
1-1: Ground out 5-3 (Groundball, 56S)
Batting: RHB Roger Osborne 0-0: Ball
1-0: Swinging Strike
1-1: Ball
2-1: Called Strike
2-2: Strikes out looking
Batting: RHB Jason Delaney 0-0: Swinging Strike
0-1: Foul Ball, location: 2F
0-2: Foul Ball, location: 2F
0-2: Strikes out swinging
Top of the 4th over - 0 run(s), 0 hit(s), 0 error(s), 0 left on base; Salt Lake City 0 - Oceanside 2
BOTTOM OF THE 4TH
Oceanside Oceanliners batting - Pitching for Salt Lake City Buzz : LHP Júlio Hernández
Batting: LHB Jim Unknown 0-0: Ball
1-0: Ball
2-0: Ball
3-0: Called Strike
3-1: Swinging Strike
3-2: Foul Ball, location: 2F
3-2: Foul Ball, location: 2F
3-2: Foul Ball, location: 2F
3-2: Foul Ball, location: 2F
3-2: Base on Balls
Batting: LHB Jim Unknown 0-0: Ball
1-0: Ball
2-0: Fly out, F7 (Flyball, 7M)
Batting: RHB Jim Unknown 0-0: SINGLE (Groundball, 56D)
Jim Unknown to second
Batting: RHB Jim Unknown 0-0: Ball
1-0: Fly out, F7 (Flyball, 78D)
Batting: RHB Jim Unknown 0-0: Called Strike
0-1: Ball
1-1: Swinging Strike
1-2: Ball
2-2: Ball
3-2: Foul Ball, location: 2F
3-2: Base on Balls
Jim Unknown to third
Jim Unknown to second
Batting: RHB Wayne Cameron 0-0: Ball
1-0: Called Strike
1-1: Swinging Strike
1-2: Ball
2-2: Foul Ball, location: 2F
2-2: DOUBLE (Line Drive, 9LM)
Jim Unknown scores
Jim Unknown scores
Jim Unknown to third
Runner from 3rd tries for Home, SAFE, throw made at trailing runner, OUT at third!
Bottom of the 4th over - 3 run(s), 2 hit(s), 0 error(s), 0 left on base; Salt Lake City 0 - Oceanside 5
TOP OF THE 5TH
Salt Lake City Buzz batting - Pitching for Oceanside Oceanliners : RHP Jim Unknown
Batting: RHB John Ramsey 0-0: Swinging Strike
0-1: Called Strike
0-2: Ball
1-2: Strikes out swinging
Batting: SHB Carlton Reed 0-0: Ground out 5-3 (Groundball, 56S)
Batting: LHB Chris Stoltzfus 0-0: Called Strike
0-1: Ball
1-1: Called Strike
1-2: Ball
2-2: Foul Ball, location: 2F
2-2: Ground out U3 (Groundball, 3L)
Top of the 5th over - 0 run(s), 0 hit(s), 0 error(s), 0 left on base; Salt Lake City 0 - Oceanside 5
BOTTOM OF THE 5TH
Oceanside Oceanliners batting - Pitching for Salt Lake City Buzz : LHP Júlio Hernández
Batting: RHB Alex Ross 0-0: Called Strike
0-1: Called Strike
0-2: SINGLE (Groundball, 5)
Pitching: RHP Roberto Gómez
Batting: RHB Jim Unknown 0-0: Ball
1-0: Ball
2-0: Ball
3-0: Called Strike
3-1: SINGLE (Line Drive, 6D)
Alex Ross to second
Batting: RHB Greg Hart 0-0: Swinging Strike
0-1: SINGLE (Line Drive, 7LS)
Alex Ross to third
Jim Unknown to second
Batting: LHB Jim Unknown 0-0: Ball
1-0: Ball
Wild Pitch!
Alex Ross scores
Jim Unknown to third
Greg Hart to second
2-0: Foul Ball, location: 2F
2-1: Ball
3-1: Base on Balls
Batting: LHB Jim Unknown 0-0: Swinging Strike
0-1: Ball
1-1: Ball
2-1: Ball
3-1: Base on Balls
Jim Unknown scores
Greg Hart to third
Jim Unknown to second
Batting: RHB Jim Unknown 0-0: Ball
1-0: Swinging Strike
1-1: Ball
2-1: Fielders Choice at 3rd, U5 (Groundball, 5L)
Greg Hart scores
Jim Unknown to second
Batting: RHB Jim Unknown 0-0: Foul Ball, location: 2F
0-1: 3-RUN HOME RUN (Flyball, 7LD), Distance : 362 ft
Pitching: RHP Mike Hickey
Batting: RHB Jim Unknown 0-0: Swinging Strike
0-1: Ball
1-1: Called Strike
1-2: Ball
2-2: Strikes out swinging
Batting: RHB Wayne Cameron 0-0: Reached on error, E5 (Groundball, 5S)
Batting: RHB Alex Ross 0-0: Ball
1-0: Ball
2-0: Called Strike
2-1: Foul Ball, location: 2F
2-2: Ball
3-2: Strikes out swinging
Bottom of the 5th over - 6 run(s), 4 hit(s), 1 error(s), 1 left on base; Salt Lake City 0 - Oceanside 11
TOP OF THE 6TH
Salt Lake City Buzz batting - Pitching for Oceanside Oceanliners : RHP Jim Unknown
Batting: RHB Steffen Taylor 0-0: Ball
1-0: Ball
2-0: Swinging Strike
2-1: Foul Ball, location: 2F
2-2: Ball
3-2: Foul Ball, location: 2F
3-2: Foul Ball, location: 2F
3-2: Foul Ball, location: 2F
3-2: Foul Ball, location: 2F
3-2: Ground out 4-3 (Groundball, 4S)
Batting: LHB Fernando González 0-0: Ball
1-0: Ball
2-0: Foul Ball, location: 2F
2-1: Called Strike
2-2: SINGLE (Line Drive, 4D)
Batting: LHB George Huffman 0-0: Fielders Choice at 2nd, U4 (Groundball, 4)
Batting: RHB Jack Alexander 0-0: Called Strike
0-1: Foul Ball, location: 2F
0-2: Ball
1-2: Strikes out looking
Top of the 6th over - 0 run(s), 1 hit(s), 0 error(s), 1 left on base; Salt Lake City 0 - Oceanside 11
BOTTOM OF THE 6TH
Oceanside Oceanliners batting - Pitching for Salt Lake City Buzz : RHP Mike Hickey
Batting: RHB Jim Unknown 0-0: Ground out 6-3 (Groundball, 6)
Batting: RHB Greg Hart 0-0: Called Strike
0-1: Ball
1-1: Ball
2-1: Swinging Strike
2-2: Strikes out looking
Batting: LHB Jim Unknown 0-0: Ball
1-0: DOUBLE (Line Drive, 3L)
Batting: LHB Jim Unknown 0-0: Called Strike
0-1: Ball
1-1: Ball
2-1: Ball
3-1: Called Strike
3-2: SINGLE (Flyball, 8LS)
Jim Unknown to third
Jim Unknown scores
Batting: RHB Jim Unknown 0-0: Ball
1-0: Ground out 1-3 (Groundball, 15)
Bottom of the 6th over - 1 run(s), 2 hit(s), 0 error(s), 1 left on base; Salt Lake City 0 - Oceanside 12
TOP OF THE 7TH
Salt Lake City Buzz batting - Pitching for Oceanside Oceanliners : RHP Jim Unknown
Batting: RHB Roger Osborne 0-0: Ball
1-0: Called Strike
1-1: Foul Ball, location: 2F
1-2: Ball
2-2: Ball
3-2: Foul Ball, location: 2F
3-2: Foul Ball, location: 2F
3-2: SINGLE (Groundball, 56)
Batting: RHB Jason Delaney 0-0: Ball
1-0: SINGLE (Groundball, 56D) (infield hit)
Roger Osborne to second
Batting: RHB John Ramsey 0-0: Called Strike
0-1: Foul Ball, location: 2F
0-2: TRIPLE (Line Drive, 7LS)
Roger Osborne scores
Jason Delaney scores
Batting: SHB Carlton Reed 0-0: Foul Ball, location: 2F
0-1: Ball
1-1: Foul Ball, location: 2F
1-2: Foul Ball, location: 2F
1-2: Ball
2-2: Strikes out swinging
Batting: LHB Chris Stoltzfus 0-0: Ground out 3-1 (Groundball, 34)
John Ramsey scores
Batting: RHB Steffen Taylor 0-0: Called Strike
0-1: Called Strike
0-2: Foul Ball, location: 2F
0-2: Ball
1-2: Fly out, F4 (Popup, 4MD)
Top of the 7th over - 3 run(s), 3 hit(s), 0 error(s), 0 left on base; Salt Lake City 3 - Oceanside 12
BOTTOM OF THE 7TH
Oceanside Oceanliners batting - Pitching for Salt Lake City Buzz : RHP Mike Hickey
Batting: RHB Jim Unknown 0-0: Foul Ball, location: 2F
0-1: Called Strike
0-2: Ball
1-2: Ball
2-2: Strikes out swinging
Pitching: RHP Eduardo Romero
Batting: RHB Jim Unknown 0-0: Ball
1-0: Foul Ball, location: 2F
1-1: Foul Ball, location: 2F
1-2: SINGLE (Groundball, 6D)
Batting: RHB Wayne Cameron 0-0: SINGLE (Flyball, 8LS)
Jim Unknown to second
Batting: RHB Alex Ross 0-0: SINGLE (Line Drive, 5D)
Jim Unknown to third
Wayne Cameron to second
Batting: RHB Jim Unknown 0-0: Ball
1-0: Called Strike
1-1: Swinging Strike
1-2: Strikes out looking
Batting: RHB Greg Hart 0-0: Ball
1-0: Called Strike
1-1: Foul Ball, location: 2F
1-2: Strikes out swinging
Bottom of the 7th over - 0 run(s), 3 hit(s), 0 error(s), 3 left on base; Salt Lake City 3 - Oceanside 12
TOP OF THE 8TH
Salt Lake City Buzz batting - Pitching for Oceanside Oceanliners : RHP Jim Unknown
Pitching: RHP Jim Unknown
Batting: LHB Fernando González 0-0: Foul Ball, location: 2F
0-1: Ball
1-1: Ball
2-1: Ball
3-1: Ground out 4-3 (Groundball, 4M)
Batting: LHB George Huffman 0-0: Called Strike
0-1: SINGLE (Flyball, 89S) - OUT at second base trying to stretch hit.
Batting: RHB Jack Alexander 0-0: Foul Ball, location: 2F
0-1: Foul Ball, location: 2F
0-2: Fly out, F6 (Popup, 6MS)
Top of the 8th over - 0 run(s), 1 hit(s), 0 error(s), 0 left on base; Salt Lake City 3 - Oceanside 12
BOTTOM OF THE 8TH
Oceanside Oceanliners batting - Pitching for Salt Lake City Buzz : RHP Eduardo Romero
Batting: LHB Jim Unknown 0-0: Swinging Strike
0-1: Ball
1-1: Ball
2-1: Ground out U3 (Groundball, 3S)
Batting: LHB Jim Unknown 0-0: Ball
1-0: Foul Ball, location: 2F
1-1: Ball
2-1: Ball
3-1: Called Strike
3-2: Foul Ball, location: 2F
3-2: Foul Ball, location: 2F
3-2: SINGLE (Groundball, 56D)
Batting: RHB Jim Unknown 0-0: Ball
1-0: SINGLE (Groundball, 15S) (infield hit)
Jim Unknown to second
Batting: RHB Jim Unknown 0-0: Ball
1-0: SINGLE (Line Drive, 6)
Jim Unknown to third
Jim Unknown to second
Runner from 3rd tries for Home, SAFE, no throw or cutoff
Batting: RHB Jim Unknown 0-0: Ball
1-0: Foul Ball, location: 2F
1-1: SINGLE (Groundball, 25) (infield hit)
Jim Unknown to third
Jim Unknown to second
Batting: RHB Wayne Cameron 0-0: Ball
1-0: Fly out, F8 (Flyball, 8RS)
Batting: RHB Alex Ross 0-0: Swinging Strike
0-1: Fly out, F6 (Line Drive, 6M)
Bottom of the 8th over - 1 run(s), 4 hit(s), 0 error(s), 3 left on base; Salt Lake City 3 - Oceanside 13
TOP OF THE 9TH
Salt Lake City Buzz batting - Pitching for Oceanside Oceanliners : RHP Jim Unknown
Batting: RHB Roger Osborne 0-0: SINGLE (Line Drive, 34D)
Batting: RHB Jason Delaney 0-0: Foul Ball, location: 2F
0-1: Ball
1-1: Foul Ball, location: 2F
1-2: Fielders Choice at 2nd, 5-4 (Groundball, 5)
Batting: RHB John Ramsey 0-0: Called Strike
0-1: Ball
1-1: Ball
2-1: Called Strike
2-2: Foul Ball, location: 2F
2-2: Foul Ball, location: 2F
2-2: Fly out, F9 (Flyball, 9M)
Batting: SHB Carlton Reed 0-0: Ball
1-0: Foul Ball, location: 2F
1-1: Ground out 3-1 (Groundball, 34)
Top of the 9th over - 0 run(s), 1 hit(s), 0 error(s), 1 left on base; Salt Lake City 3 - Oceanside 13
This league is powered by Out of the Park Baseball, the baseball management simulation game for PC, Mac and Linux
Monday, May 4th, 2015 - OOTP Baseball 15.6 Build 34